 Dungeon Crawl Stone Soup version 0.28.0-43-g3370ac3207 (webtiles) character file.

Game seed: 16061958100781699997

547 Peloso the Covered (level 7, -3/59 (60) HPs)
             Began as a Minotaur Fighter on Mar 1, 2022.
             Slain by a wight
             ... wielding a +2 great sword of electrocution
              (18 damage)
             ... on level 5 of the Dungeon.
             The game lasted 00:06:46 (4969 turns).

Peloso the Covered (Minotaur Fighter)               Turns: 4969, Time: 00:06:48

HP:   -3/59 (60)    AC: 10    Str: 21    XL:     7   Next: 7%
MP:   6/6           EV: 10    Int:  5    God:
Gold: 175           SH:  5    Dex: 11    Spells: 6/6 levels left

rFire   . . .      SeeInvis .   a - +1 long sword
rCold   . . .      Faith    .   c - +0 buckler
rNeg    . . .      Spirit   .   b - +0 scale mail
rPois   .          Reflect  .   (helmet restricted)
rElec   .          Harm     .   f - +0 cloak
rCorr   .          Rampage  .   (no gloves)
Will    .....                   e - +0 pair of boots
Stlth   ..........              (no amulet)
HPRegen 0.19/turn               (no ring)
MPRegen 0.10/turn               (no ring)

@: lightly drained
A: horns 2, retaliatory headbutt
a: no special abilities


You were on level 5 of the Dungeon.
You visited 2 branches of the dungeon, and saw 6 of its levels.
You also visited: Sewer.

You collected 175 gold pieces.

Inventory:

Hand Weapons
 a - a +1 long sword (weapon)
Missiles
 i - 3 throwing nets (quivered)
Armour
 b - a +0 scale mail (worn)
 c - a +0 buckler (worn)
 e - a +0 pair of boots (worn)
 f - a +0 cloak (worn)
 z - a +0 chain mail
Jewellery
 t - a ring of protection from fire
 x - an amulet of faith
Wands
 g - a wand of mindburst (9)
 h - a wand of iceblast (13)
 n - a wand of acid (8)
Scrolls
 j - 3 scrolls of amnesia
 m - a scroll of brand weapon {unknown}
 o - a scroll of teleportation
 s - a scroll of blinking {unknown}
 v - a scroll of summoning {unknown}
 y - a scroll of identify
Potions
 d - 5 potions of might
 k - a potion of flight {unknown}
 l - a potion of cancellation {unknown}
 p - a potion of degeneration {unknown}
 q - a potion of berserk rage {unknown}
 r - 2 potions of curing {unknown}
 u - a potion of invisibility {unknown}
 w - a potion of resistance {unknown}


   Skills:
 + Level 4.8 Fighting
 + Level 5.8 Long Blades
 + Level 6.3 Armour
 + Level 1.9 Dodging
 + Level 4.6 Shields


You had 6 spell levels left.
You didn't know any spells.
Your spell library contained the following spells:

 Spells                   Type           Power      Damage    Failure   Level
 Call Canine Familiar     Summ           0%         N/A       99%         3
 Portal Projectile        Hex/Tloc       0%         N/A       99%         3
 Leda's Liquefaction      Hex/Erth       0%         N/A       100%        4


Dungeon Overview and Level Annotations

Branches:
Dungeon (5/15)             Temple (1/1) D:4           Sewer (visited)

Altars:
Ashenzari
Dithmenos
Elyvilon
Hepliaklqana
Kikubaaqudgha
Makhleb
Qazlal
Ru
Sif Muna
Trog
Uskayaw
Vehumet
Wu Jian
Yredelemnul
Zin
The Shining One


Innate Abilities, Weirdness & Mutations

You have a pair of horns on your head.
You reflexively headbutt those who attack you in melee.


Message History

x - an amulet of faith
Found 3 gold pieces.
y - a scroll of identify You see here a +0 chain mail.
You see here a +0 chain mail.
z - a +0 chain mail
Found a twisted copper ring. 4 wights come into view.
A wight is wielding a +2 great sword of electrocution.
A wight is wielding a +4 scimitar of freezing.
You barely miss the wight. Your headbutt misses the wight.
Unknown command.
You barely miss the wight. You headbutt the wight.
The wight is lightly damaged.
The wight misses you.
Unknown command.
You hit the wight.
The wight is moderately damaged.
The wight closely misses you.
You hit the wight. Your headbutt misses the wight.
The wight is heavily damaged.
The wight hits you with a +0 falchion.
The wight hits you with a +2 great sword of electrocution!
You barely miss the wight. Your headbutt misses the wight.
The wight is heavily damaged.
The wight closely misses you. You furiously retaliate!
You headbutt the wight, but do no damage.
Unknown command.
The wight barely misses you. You furiously retaliate!
You headbutt the wight! You closely miss the wight.
Your headbutt misses the wight.
The wight is almost destroyed.
The wight hits you with a +0 falchion.
You closely miss the wight. You closely miss the wight.
The wight hits you with a +2 great sword of electrocution!
The wight hits you with a +2 great sword of electrocution.
* * * LOW HITPOINT WARNING * * *
You feel drained.
* * * LOW HITPOINT WARNING * * *
You are electrocuted!!
You die...

#.........<........
..
#.#.....#.#.#####.
#...........#####
#..>.............
#.....).....#####
#?##........#
#...........#
####.......##
##@#...## #z##$##
....z.zz##..=
##############


You could see 3 wights.

Vanquished Creatures
  A kobold brigand (Sewer)
  A scorpion (D:5)
  A hound (D:5)
  An orc wizard (D:5)
  A killer bee zombie (D:5)
  A hound skeleton (D:4)
  Robin (D:3)
  7 gnolls
  4 adders
  7 river rats
  2 ufetubi
  An adder skeleton (D:4)
  A worm (D:2)
  A dart slug (D:2)
  9 orcs
  7 bats
  9 endoplasms
  3 giant cockroaches
  8 goblins
  14 hobgoblins
  10 jackals
  A quokka (D:1)
  12 ball pythons
  7 frilled lizards
  16 kobolds
  8 rats
134 creatures vanquished.

Vanquished Creatures (others)
  15 plants (Sewer)
15 creatures vanquished.

Grand Total: 149 creatures vanquished

Notes
Turn   | Place    | Note
-------+----------+-------------------------------------------
     0 | D:1      | Peloso the Minotaur Fighter began the quest for the Orb.
     0 | D:1      | Reached XP level 1. HP: 19/19 MP: 0/0
   140 | D:1      | Reached XP level 2. HP: 27/27 MP: 1/1
   293 | D:1      | Reached skill level 4 in Armour
   406 | D:1      | Found a faded altar of an unknown god.
  1202 | D:2      | Reached XP level 3. HP: 33/33 MP: 2/2
  2286 | D:3      | Reached XP level 4. HP: 40/40 MP: 3/3
  2324 | D:3      | Reached skill level 1 in Dodging
  2421 | D:3      | You fall into a shaft and drop 1 floor!
  2457 | D:4      | Reached skill level 5 in Armour
  2611 | D:4      | Reached XP level 5. HP: 43/46 MP: 4/4
  2728 | D:3      | Noticed Robin
  2737 | D:3      | Killed Robin
  3603 | D:4      | Found a staircase to the Ecumenical Temple.
  3745 | Temple   | Entered the Ecumenical Temple
  3969 | D:5      | Entered Level 5 of the Dungeon
  4009 | D:5      | Reached XP level 6. HP: 33/53 MP: 5/5
  4026 | D:5      | Found a glowing drain.
  4033 | Sewer    | Entered a sewer
  4610 | Sewer    | Reached skill level 5 in Long Blades
  4610 | Sewer    | Reached skill level 6 in Armour
  4888 | D:5      | Reached XP level 7. HP: 32/60 MP: 6/6
  4969 | D:5      | Slain by a wight

Illustrated notes

Levels and vault maps discovered:
D:1:      minmay_arrival_split_and_join, layout_basic,
          shapermc_ecumenical_altar_pompeii
D:2:      layout_basic
D:3:      layout_basic, uniq_robin
D:4:      nicolae_cairo_tiling, layout_rooms
D:5:      layout_loops_ring, portal_sewer_entry_e, enter_ossuary_1
Temple:   eino_temple_rhombus

Skill      XL: |  1  2  3  4  5  6 |
---------------+-------------------+-----
Armour         | 4 5 6 |  6.3
Shields        | 4 |  4.6
Fighting       | 4 |  4.8
Long Blades    | 3 4 5 |  5.8
Dodging        | 1 |  1.9

Action                   |  1- 3 |  4- 6 |  7- 9 || total
-------------------------+-------+-------+-------++-------
Melee: Long sword        |    86 |   206 |    34 ||   326
       Headbutt          |    11 |    28 |     1 ||    40
  Use: Scroll            |     6 |     1 |       ||     7
       Potion            |       |       |     1 ||     1
Armor: Scale mail        |    49 |   108 |    19 ||   176
Dodge: Dodged            |    40 |    97 |     6 ||   143
Block: Buckler           |    16 |    57 |     3 ||    76
